 Dungeon Crawl Stone Soup version 0.16.1-4-g8e1b745 (console) character file.

9 gw the Charlatan (level 2, -1/16 HPs)
             Began as a Deep Elf Artificer on Mar 28, 2015.
             Killed themself with a badly aimed fireball (14 damage)
             ... on level 2 of the Dungeon.
             The game lasted 00:00:09 (154 turns).

gw the Charlatan (Deep Elf Artificer)                Turns: 154, Time: 00:00:09

Health: -1/16      AC:  3    Str:  8    XL:     2   Next: 3%
Magic:  5/5        EV: 12    Int: 16    God:
Gold:   0          SH:  0    Dex: 15    Spells: 0 memorised, 1 level left

rFire  . . .     SeeInvis .     a - +0 short sword
rCold  . . .     Clarity  .     e - +0 leather armour
rNeg   . . .     SustAb   .     (no shield)
rPois  .         Gourm    .     (no helmet)
rElec  .         Spirit   .     (no cloak)
rCorr  .         Warding  .     (no gloves)
rMut   .         Stasis   .     (no boots)
MR     .....                    (no amulet)
Stlth  ++........               (no ring)
                                (no ring)

@: not resistant to hostile enchantments, unstealthy
A: no striking features
a: no special abilities


You were on level 2 of the Dungeon.
You were not hungry.

You visited 1 branch of the dungeon, and saw 2 of its levels.

Inventory:

Hand weapons
 a - a +0 short sword (weapon)
Armour
 e - a +0 leather armour (worn)
Magical devices
 b - a wand of flame (15)
 c - a wand of enslavement (13)
 d - a wand of random effects (15)
Comestibles
 f - a bread ration


   Skills:
 + Level 1.0 Fighting
 * Level 1.8 Short Blades
 + Level 2.6 Dodging
 - Level 1.2 Stealth
 - Level 3.2 Evocations


You had one spell level left.
You didn't know any spells.

Dungeon Overview and Level Annotations

Branches:
Dungeon (2/15)

Altars:

Annotations:
D:2 Sigmund


Message History

The bat dies!
Unknown command.
Unknown command.
Unknown command.
Unknown command.
You start resting.
Sigmund is no longer charmed.
Sigmund barely misses you.
Sigmund is too close now for your liking.
Unknown command.
Unknown command.
Unknown command.
Evoke which item? (* to show all) (? for menu, Esc to quit)
Zapping:
d - a wand of random effects (15)
Press: ? - help, Shift-Dir - straight line, f/p - Sigmund
Aim: Sigmund, wielding a scythe of freezing and wearing an embroidered robe The fireball explodes!
The fireball engulfs Sigmund.
Sigmund is moderately wounded.
The fireball engulfs you!
Ouch! That really hurt!
You die...

# ##. ...>#..###
.......%e#
....#.##@###
........<..#
####.#####.......
######


You could see Sigmund.

Table legend:
 A = Turns spent in this place as a percentage of turns spent in the entire game.
 B = Non-inter-level travel turns spent in this place as a percentage of non-inter-level travel turns spent in the entire game.
 C = Inter-level travel turns spent in this place as a percentage of turns spent in this place.
 D = Turns resting spent in this place as a percentage of non-inter-level travel turns spent in this place.
 E = Turns spent auto-exploring this place as a percentage of non-inter-level travel turns spent in this place.
 F = Non-inter-level travel turns spent in this place divided by the number of levels of this place that you've seen.
                   A       B       C       D       E      F
               +-------+-------+-------+-------+-------+----------------------
         Total | 100.0 | 100.0 |   1.5 |   3.0 |   1.0 | 100.0
       Dungeon | 100.0 | 100.0 |   1.5 |   3.0 |   1.0 | 100.0
               +-------+-------+-------+-------+-------+----------------------

Table legend:
 A = Kills in this place as a percentage of kills in entire the game.
 B = Kills by you in this place as a percentage of kills by you in the entire game.
 C = Kills by friends in this place as a percentage of kills by friends in the entire game.
 D = Other kills in this place as a percentage of other kills in the entire game.
 E = Experience gained in this place as a percentage of experience gained in the entire game.
 F = Experience gained in this place divided by the number of levels of this place that you have seen.
                   A       B       C       D       E      F
               +-------+-------+-------+-------+-------+----------------------
         Total | 100.0 | 100.0 | 100.0 |  -nan | 100.0 |   6.5
       Dungeon | 100.0 | 100.0 | 100.0 |  -nan | 100.0 |   6.5
               +-------+-------+-------+-------+-------+----------------------

Vanquished Creatures
  An adder (D:2)
  A rat (D:1)
2 creatures vanquished.

Vanquished Creatures (collateral kills)
  A bat (D:2)
  A giant cockroach (D:2)
2 creatures vanquished.

Grand Total: 4 creatures vanquished

Notes
Turn   | Place    | Note
--------------------------------------------------------------
     0 | D:1      | gw, the Deep Elf Artificer, began the quest for the Orb.
     0 | D:1      | Reached XP level 1. HP: 11/11 MP: 2/2
   118 | D:2      | Noticed Sigmund
   128 | D:2      | Reached skill level 1 in Fighting
   128 | D:2      | Reached XP level 2. HP: 13/16 MP: 5/5
   154 | D:2      | Killed themself with a badly aimed fireball

Action                   || total
-------------------------++-------
Melee: Short sword       ||    16
Evoke: Wand              ||     2
 Stab: Confused          ||     1

Vault maps used:
D:1:      lightli_arrival_chessboard, roderic_st_hans_cross
D:2:      bloody_trog, kennysheep_vampire_church, uniq_jessica, uniq_sigmund
